 Dungeon Crawl Stone Soup version 0.17-a0-2064-g265a032 (webtiles) character file.

1467 brucemayne the Cleaver (level 8, 0/56 HPs)
             Began as a Demonspawn Gladiator on Oct 12, 2015.
             Was a Follower of Trog.
             Succumbed to a wasp's poison
             ... on level 9 of the Dungeon.
             The game lasted 00:18:32 (3275 turns).

brucemayne the Cleaver (Demonspawn Gladiator)       Turns: 3275, Time: 00:18:34

Health: 0/56       AC: 17    Str: 24    XL:     8   Next: 48%
Magic:  8/8        EV:  9    Int: 13    God:    Trog [*.....]
Gold:   197        SH:  0    Dex: 17    Spells: 0 memorised, 7 levels left

rFire  . . .     SeeInvis .     a - +0 war axe
rCold  . . .     Clarity  .     y - +7 chain mail "Xocvax" {Int+4}
rNeg   . . .     SustAt   .     (no shield)
rPois  .         Gourm    .     (helmet restricted)
rElec  .         Spirit   .     (no cloak)
rCorr  .         Warding  .     (no gloves)
rMut   .         Stasis   .     (no boots)
MR     .....                    (no amulet)
Stlth  ..........               (no ring)
                                i - +4 ring of dexterity

@: mighty, lethally poisoned (0 -> -7), very slightly contaminated, invisible,
not resistant to hostile enchantments, extremely unstealthy
A: antennae 2, thin metallic scales 1, powered by pain 2
a: Burn Spellbooks, Berserk, Renounce Religion


You were on level 9 of the Dungeon.
You worshipped Trog.
Trog was aware of your devotion.
You were not hungry.

You visited 2 branches of the dungeon, and saw 11 of its levels.

You collected 197 gold pieces.

Inventory:

Hand Weapons
 a - a +0 war axe (weapon)
 q - a +4 hand axe
 z - a +0 blowgun
 F - a +0 war axe
Missiles
 p - 6 tomahawks (quivered)
 E - 15 poisoned needles
Armour
 b - a +0 leather armour
 c - a +0 helmet
 k - a +0 ring mail
 l - a +0 shield of positive energy
 o - a +0 scale mail
 u - a +0 plate armour
 y - the +7 chain mail "Xocvax" (worn) {Int+4}
   (You found it on level 4 of the Dungeon)

   It affects your intelligence (+4).
Magical Staves
 t - an uncursed staff of air {unknown}
Jewellery
 i - a +4 ring of dexterity (left hand)
Wands
 n - a wand of slowing (0)
Scrolls
 g - 4 scrolls of remove curse
 h - a scroll of identify
 v - a scroll of enchant armour {unknown}
 x - a scroll of recharging
 A - 2 scrolls of enchant weapon {unknown}
 D - a scroll of immolation {unknown}
Potions
 r - a potion of invisibility
 w - a potion of lignification
Comestibles
 e - 2 bread rations
 f - a royal jelly
 j - 20 chunks of flesh
 m - a meat ration
 B - a beef jerky
 C - a fruit


   Skills:
 - Level 2.0 Fighting
 + Level 10.1 Axes
 - Level 1.7 Throwing
 - Level 2.6 Dodging


You had 7 spell levels left.
You didn't know any spells.

Dungeon Overview and Level Annotations

Branches:
Dungeon (10/15)            Temple (1/1) D:4
   Lair: D:8-11         Orc: D:9-12

Altars:
Dithmenos
Elyvilon
Fedhas
Gozag
Nemelex Xobeh
Okawaru
Ru
Sif Muna
Trog
Vehumet
Yredelemnul
The Shining One
Lugonu

Annotations:
D:4 temple
D:5 Pikel


Innate Abilities, Weirdness & Mutations

You have a pair of antennae on your head.
You are partially covered in thin metallic scales (AC +2).
You sometimes gain power by taking damage.


Message History

You feel sick. The wasp stings you.
* * * LOW HITPOINT WARNING * * *
You are more poisoned.
You feel yourself slow down.
Are you sure you want to abandon this character and quit the game? (Confirm with "yes".)
Okay, then.
Unknown command.
Drink which item? (? for menu, Esc to quit)
It was a potion of might.
You feel very mighty all of a sudden.
You feel yourself speed up.
* * * LOW HITPOINT WARNING * * *
You feel sick. The wasp closely misses you. The wasp closely misses you.
The rat bites you but does no damage.
You closely miss the wasp.
The wasp is heavily wounded.
You slash the rat!
You kill the rat!
Trog accepts your kill.
Your surroundings suddenly seem different.
You die...

#.o... #.....
#..... #.....
#.....
#.....####
##........#
.......@..#
.............#
.............#
####.........#
#....######
#....# ######


You could see an orc wizard (sleeping).

Vanquished Creatures
  The ghost of Shim the Charmwright, an amateur HESk of Okawaru (D:4)
  A wraith (D:8)
  A sky beast (D:10)
  A phantom (D:7)
  2 crocodiles (D:9)
  A big kobold (D:9)
  2 centaurs
  Blork the orc (D:4)
  A giant frog (D:9)
  2 crimson imps
  A centaur skeleton (D:4)
  A hound (D:9)
  An orc wizard (D:7)
  2 orc priests (D:7)
  4 worker ants
  A hound zombie (D:8)
  A gnoll (D:3)
  An adder (D:2)
  A worm (D:5)
  6 giant geckos
  7 orcs
  2 ball pythons (D:2)
  21 bats
  3 giant cockroaches
  7 hobgoblins
  6 jackals
  2 quokkas
  3 giant newts
  8 goblins
  A jackal skeleton (D:4)
  13 kobolds
  A quokka skeleton (D:9)
  14 rats
120 creatures vanquished.

Vanquished Creatures (others)
  A fungus (D:9)
  A plant (D:9)
2 creatures vanquished.

Grand Total: 122 creatures vanquished

Notes
Turn   | Place    | Note
--------------------------------------------------------------
     0 | D:1      | brucemayne the Demonspawn Gladiator began the quest for the Orb.
     0 | D:1      | Reached XP level 1. HP: 16/16 MP: 1/1
    64 | D:1      | Reached skill level 3 in Axes
   120 | D:1      | Gained mutation: You have a pair of small antennae on your head. [demonic ancestry]
   120 | D:1      | Reached XP level 2. HP: 9/22 MP: 2/2
   373 | D:1      | HP: 1/22 [jackal (2)]
   380 | D:1      | Gained mutation: You are partially covered in thin metallic scales (AC +2). [demonic ancestry]
   380 | D:1      | Reached XP level 3. HP: 1/27 MP: 3/3
   521 | D:2      | Reached skill level 4 in Axes
   854 | D:4      | Found a sparkling altar of Nemelex Xobeh.
   867 | D:3      | Reached XP level 4. HP: 26/33 MP: 4/4
   952 | D:4      | Noticed Shim's ghost (amateur HESk)
   953 | D:4      | Found a bloodstained altar of Trog.
  1024 | D:4      | Became a worshipper of Trog the Wrathful
  1029 | D:4      | Killed Shim's ghost
  1029 | D:4      | Reached skill level 6 in Axes
  1029 | D:4      | Gained mutation: You sometimes gain a little power by taking damage. [demonic ancestry]
  1029 | D:4      | Reached XP level 5. HP: 19/38 MP: 5/5
  1052 | D:5      | Entered Level 5 of the Dungeon
  1143 | D:5      | Gained mutation: You have a pair of antennae on your head. [demonic ancestry]
  1143 | D:5      | Reached XP level 6. HP: 23/44 MP: 6/6
  1225 | D:5      | Found a radiant altar of Vehumet.
  1226 | D:5      | Noticed a centaur
  1232 | D:5      | Noticed an ice beast
  1238 | D:5      | Killed a centaur
  1246 | D:5      | HP: 1/44 [ice beast (10)]
  1322 | D:4      | Got a shimmering chain mail
  1323 | D:4      | Identified the +7 chain mail "Xocvax" {Int+4} (You found it on level 4 of the Dungeon)
  1344 | D:4      | Reached skill level 7 in Axes
  1587 | D:5      | Noticed a slave
  1588 | D:5      | Noticed a slave
  1589 | D:5      | Noticed Pikel
  1591 | D:5      | Noticed a slave
  1625 | D:4      | Noticed Blork the orc
  1701 | D:4      | Killed Blork the orc
  1701 | D:4      | Reached XP level 7. HP: 21/50 MP: 7/7
  1707 | D:4      | Found a staircase to the Ecumenical Temple.
  1716 | Temple   | Entered the Ecumenical Temple
  2014 | D:8      | Noticed a wraith
  2043 | D:8      | HP: 1/50 [wraith (5)]
  2047 | D:8      | Killed a wraith
  2047 | D:8      | Reached skill level 8 in Axes
  2759 | D:10     | Entered Level 10 of the Dungeon
  2774 | D:10     | Reached skill level 9 in Axes
  2774 | D:10     | Gained mutation: You sometimes gain power by taking damage. [demonic ancestry]
  2774 | D:10     | Reached XP level 8. HP: 19/56 MP: 8/8
  2995 | D:9      | Reached * piety under Trog
  3233 | D:9      | Reached skill level 10 in Axes
  3273 | D:9      | HP: 2/56 [wasp (2)]
  3275 | D:9      | Succumbed to a wasp's poison

Vault maps used:
D:1:      minmay_arrival_checkered_box
D:3:      minmay_distorted
D:4:      kennysheep_little_box, lightli_temple_of_fire,
          minmay_temple_entry_poolview, portal_sewer_entry_d, uniq_blork_the_orc
D:5:      old_standard_altar, first_bread, minmay_statues_item, minivault_4,
          uniq_pikel, uniq_prince_ribbit1
D:7:      grunt_temple_overflow_order_and_chaos_1
D:8:      boulder_corridor_run, cheibriados_altar_1,
          nicolae_qazlal_eye_of_the_storm, kiku_gazebo_pond_becter, minitemple,
          serial_shops, shop, grunt_ogre_cave, uniq_grum
D:9:      lemuel_ice_spiral_2, grunt_lair_entry_elf_guard_hut
D:10:     fedhas_altar_3
Temple:   corrupted_temple

Action                   |  1- 3 |  4- 6 |  7- 9 || total
-------------------------+-------+-------+-------++-------
Melee: War axe           |   146 |       |    66 ||   212
       Hand axe          |    13 |   116 |   189 ||   318
Throw: Throwing net      |     6 |     2 |       ||     8
       Tomahawk          |       |       |     2 ||     2
Invok: Berserk           |       |       |     2 ||     2
Evoke: Wand              |       |     6 |    17 ||    23
  Use: Potion            |     2 |     2 |     8 ||    12
       Scroll            |     4 |     4 |     2 ||    10
 Stab: Sleeping          |     1 |       |       ||     1
       Held in net/web   |     2 |     2 |       ||     4
       Invisible         |     1 |       |     6 ||     7
  Eat: Chunk             |     1 |     2 |     3 ||     6
       Fruit             |       |       |     2 ||     2
       Bread ration      |       |       |     1 ||     1
